Map: Romanticide LE

Players

uwuThermal (uThermal)

  • Race: Terran Terran
  • Spawn Location: 5:00

ShoWTimE - Winner!

  • Race: Protoss Protoss
  • League: Master
  • Spawn Location: 11:00

Event: DreamHack SC2 Masters 2020 Winter

VOD

Have the link to the VOD?

Description

Time

  • Played on: Nov. 5, 2020, 1:48 p.m.
  • Length: 11:16

All games in this series

Show
View Real Time Build Order
Export as new Build Order

uwuThermal Terran 

Build Orders: Reaper Expand 

Get SALT Encoding   

  12  0:00  SCV  
  13  0:12  SCV  
  14  0:16  Supply Depot  
  14  0:24  SCV  
  15  0:38  SCV  
  15  0:39  Barracks  
  16  0:43  Refinery  
  16  0:50  SCV  
  17  1:02  SCV  
  18  1:14  SCV  
  19  1:26  Orbital Command, Reaper  
  20  1:40  Command Center  
  20  1:51  Supply Depot  
  20  1:52  SCV  
  21  1:58  Marine  
  22  2:04  SCV  
  23  2:09  Factory  
  23  2:16  SCV  
  23  2:18  Bunker  
  23  2:20  Barracks Reactor  
  24  2:29  SCV  
  25  2:30  Refinery  
  25  2:41  SCV  
  26  2:53  SCV  
  26  2:55  Hellion  
  26  2:57  Starport  
  29  3:00  Marine x2  
  29  3:03  Orbital Command  
  29  3:05  SCV  
  32  3:16  Factory Tech Lab  
  32  3:17  SCV, Marine x2  
  35  3:28  SCV  
  35  3:29  SCV  
  37  3:35  Marine x2  
  37  3:39  Supply Depot  
  37  3:40  SCV  
  40  3:41  Factory Tech Lab  
  40  3:46  Raven  
  42  3:48  SCV  
  42  3:50  Supply Depot  
  42  3:52  Refinery  
  42  3:53  Marine x2  
  42  3:54  SCV  
  46  4:03  Cyclone  
  46  4:04  SCV  
  46  4:08  SCV  
  51  4:16  SCV  
  49  4:19  Marine x2, Barracks  
  49  4:20  SCV  
  49  4:21  Barracks  
  52  4:27  Engineering Bay  
  52  4:28  SCV  
  53  4:33  SCV  
  53  4:34  Supply Depot  
  53  4:37  Siege Tank  
  57  4:39  Marine  
  57  4:41  Marine  
  57  4:43  SCV  
  57  4:45  SCV  
  61  4:49  Supply Depot  
  61  4:54  Terran Infantry Weapons Level 1  
  61  4:55  SCV  
  61  4:57  Marine, SCV  
  61  4:59  Marine  
  65  5:06  Supply Depot  
  65  5:10  SCV  
  66  5:14  Combat Shield, Marine x2, Stimpack  
  66  5:17  SCV  
  66  5:18  Marine x2, Factory Tech Lab  
  66  5:19  Starport Reactor  
  71  5:24  SCV  
  72  5:29  Supply Depot  
  72  5:34  Barracks  
  72  5:35  Barracks  
  72  5:36  Marauder  
  72  5:37  Marauder  
  72  5:38  Siege Tank  
  72  5:39  Marine  
  72  5:40  Marine  
  81  5:44  Supply Depot  
  81  5:49  Refinery  
  81  5:52  Supply Depot  
  81  5:56  SCV x2  
  82  5:57  Marine  
  82  5:58  Marauder, Medivac  
  82  6:01  Medivac  
  80  6:06  Marine  
  80  6:07  Marauder  
  79  6:17  Siege Tank  
  82  6:23  Marine x3  
  82  6:24  Marauder, Marine  
  88  6:28  Marauder  
  88  6:29  Missile Turret  
  88  6:31  Medivac  
  92  6:41  Marine x3, Medivac  
  92  6:43  Marine  
  92  6:44  Marine  
  92  6:46  Supply Depot  
  99  6:49  Marine  
  100  6:54  Siege Tank  
  100  6:58  Marine  
  100  6:59  Concussive Shells, Marine x2  
  100  7:01  Supply Depot  
  106  7:03  Marauder  
  108  7:09  Marine  
  108  7:10  Marauder  
  108  7:12  Supply Depot  
  111  7:16  Marine x2  
  111  7:20  Command Center  
  113  7:24  Marauder  
  113  7:26  Marine  
  113  7:29  Siege Tank  
  119  7:31  Marauder  
  119  7:34  Marine, Supply Depot  
  119  7:36  Medivac  
  123  7:40  Medivac  
  125  7:46  Marauder  
  125  7:49  Marine  
  125  7:50  Marine x2  
  130  7:53  Marine, Marauder, Supply Depot  
  133  8:01  Siege Tank  
  136  8:05  Supply Depot  
  136  8:06  Marine  
  136  8:13  Marine  
  136  8:14  Marauder  
  131  8:21  Medivac  
  111  8:28  Medivac  
  111  8:29  Marine x2  
  111  8:30  Marauder  
  111  8:33  Siege Tank  
  120  8:40  Marine  
  120  8:41  Marine x2  
  112  8:47  Marine x2  
  112  8:48  Orbital Command  
  114  8:51  Marauder  
  116  8:58  Marine  
  117  9:04  Marine  
  117  9:05  Marine  
  119  9:12  Marine  
  65  9:53  Siege Tank  
  65  9:57  Marine, Marauder  
  58  10:01  Marine  
  59  10:14  Marine x3  
  52  10:16  Marine  
  55  10:28  Medivac, Marine  
  52  10:34  Marine  
  47  10:36  Marine  
  47  10:37  Marine  
  47  10:42  Marine  
  50  10:46  Marine  
  50  10:48  SCV  
  50  10:49  Marine  
  52  10:51  Marine  
  52  10:55  Marine  
Show
View Real Time Build Order
Export as new Build Order

ShoWTimE Protoss - Winner!

Build Orders: 1 Gate Expand, Oracle Opening, Blink Stalkers 

Get SALT Encoding   

  12  0:00  Probe  
  13  0:12  Probe  
  14  0:17  Pylon  
  14  0:24  Probe (Chrono Boost)  
  15  0:36  Probe (Chrono Boost)  
  15  0:37  Gateway  
  16  0:44  Probe (Chrono Boost)  
  16  0:45  Assimilator  
  17  0:50  Probe  
  18  1:03  Probe  
  19  1:15  Probe  
  20  1:21  Nexus  
  20  1:32  Cybernetics Core  
  20  1:35  Probe  
  21  1:42  Assimilator  
  22  1:47  Probe  
  22  1:51  Pylon  
  22  1:59  Probe  
  23  2:06  Stalker (Chrono Boost)  
  23  2:11  Probe  
  26  2:19  Stargate  
  26  2:24  Probe (Chrono Boost)  
  26  2:28  Warp Gate  
  27  2:33  Probe (Chrono Boost)  
  29  2:38  Stalker  
  29  2:39  Probe (Chrono Boost)  
  29  2:43  Probe (Chrono Boost)  
  32  2:48  Probe (Chrono Boost)  
  32  2:50  Pylon  
  34  2:53  Probe x2 (Chrono Boost)  
  35  3:02  Probe x2  
  35  3:04  Oracle (Chrono Boost)  
  40  3:14  Probe x2  
  42  3:23  Twilight Council  
  42  3:26  Probe x2  
  44  3:32  Gateway  
  44  3:35  Gateway  
  44  3:38  Probe x2  
  46  3:52  Nexus  
  46  3:54  Probe  
  46  3:55  Blink (Chrono Boost), Probe  
  48  4:07  Pylon  
  48  4:08  Probe  
  45  4:17  Probe  
  45  4:21  Probe  
  47  4:25  Stalker  
  47  4:28  Pylon  
  47  4:29  Assimilator, Stalker, Probe  
  47  4:30  Stalker  
  54  4:33  Probe  
  55  4:41  Probe  
  55  4:45  Probe  
  57  4:53  Probe  
  57  4:54  Stalker x3  
  57  4:57  Pylon, Probe  
  65  5:04  Probe  
  65  5:05  Probe  
  67  5:08  Forge  
  67  5:09  Probe  
  68  5:17  Stalker x2  
  68  5:18  Stalker, Probe  
  75  5:24  Probe x2  
  75  5:26  Gateway  
  77  5:29  Gateway  
  77  5:31  Charge (Chrono Boost)  
  77  5:33  Gateway  
  77  5:36  Protoss Ground Weapons Level 1 (Chrono Boost)  
  77  5:39  Gateway  
  77  5:46  Gateway  
  77  5:48  Probe  
  77  5:49  Sentry  
  81  5:50  Probe  
  81  5:51  Probe  
  82  6:00  Probe  
  82  6:03  Probe  
  74  6:13  Sentry  
  74  6:14  Zealot x2  
  74  6:15  Probe  
  74  6:16  Pylon  
  81  6:20  Pylon  
  81  6:23  Probe x2  
  81  6:25  Pylon  
  79  6:26  Zealot  
  79  6:27  Zealot x2, Robotics Facility  
  79  6:31  Probe  
  86  6:34  Stalker x2  
  86  6:35  Zealot  
  86  6:37  Probe  
  93  6:43  Probe x2  
  93  6:46  Pylon  
  95  6:48  Pylon  
  95  6:49  Probe  
  95  6:54  Zealot x4  
  103  7:06  Pylon, Zealot x3  
  109  7:13  Immortal (Chrono Boost)  
  109  7:18  Zealot x4  
  109  7:22  Pylon  
  121  7:33  Zealot  
  121  7:34  Zealot x3  
  121  7:35  Probe x3  
  132  7:37  Assimilator  
  132  7:40  Protoss Ground Armor Level 1 (Chrono Boost)  
  132  7:41  Assimilator  
  132  7:42  Pylon  
  132  7:44  Pylon  
  128  7:53  Stalker x4  
  128  7:57  Zealot x2  
  138  8:01  Shield Battery  
  138  8:04  Zealot x2  
  142  8:10  Observer  
  142  8:11  Templar Archives  
  141  8:23  Zealot x6  
  125  8:30  Zealot x2  
  121  8:35  Pylon  
  109  8:44  Zealot x3  
  109  8:47  Zealot, Sentry x2  
  120  8:51  Immortal (Chrono Boost)  
  120  8:52  Zealot x2  
  128  9:01  Assimilator  
  128  9:04  High Templar x3  
  128  9:09  High Templar  
  136  9:11  Archon  
  136  9:15  Sentry  
  136  9:16  Archon  
  138  9:17  Zealot  
  138  9:18  Zealot x2, Shield Battery  
  138  9:20  Shield Battery  
  138  9:36  Zealot  
  138  9:37  Zealot  
  130  9:41  Zealot x5  
  95  9:58  Zealot  
  66  10:01  Zealot x4  
  66  10:02  Zealot  
  66  10:04  Probe x2  
  62  10:17  Zealot x5  
  56  10:33  Zealot  
  52  10:36  Zealot x5  
  52  10:40  Probe x2  
  64  10:49  Probe  
  65  10:52  Probe x2  
  65  10:54  High Templar x3  
  65  10:55  High Templar  
  75  10:57  Archon  
  75  10:58  Archon  
  75  10:59  High Templar x2  
  75  11:02  Probe  
  75  11:03  Archon  
  80  11:08  Shield Battery  
Tags
 
Add a new tag
Caveats
  • Supply blocks, unpowered buildings, or Contaminate may cause inaccurate times.
  • Supply counts are checked every 10 seconds.